 BcadrenCrawl: Boulder Brew version 0.04.2-19-ga012a504bd (webtiles) character file.

Game seed: 677594386262450451, levelgen mode: deterministic

14195 graymark the Zephyrmancer (level 12, -5/60 HPs) Tengu Air Elementalist. Began on May 20, 2021. Was a Believer of Vehumet. Slain by a boulder beetle (41 damage) ... on level 2 of the Lair of Beasts on May 21, 2021. The game lasted 01:10:42 (9370 turns).

graymark the Zephyrmancer (Tengu Air Elementalist)  Turns: 9370, Time: 01:10:46

Health: -5/60      AC:  4    Str:  9    XL:     12 ^: 11703
Magic:  1/36       EV: 15    Int: 20    God:    Vehumet [2* [74]]
Gold:   470        SH:  0    Dex: 15    Spells: 16/31 levels left

rFire    . . .     Vision   .   b - +0 dagger (venom)
rCold    . . .     Gourm    .   d - +0 spear
rNeg     . . .     Faith    +   a - +0 robe
rPois    +         Spirit   .   (helmet restricted)
rElec    .         Reflect  .   (no cloak)
rCorr    .         Harm     .   k - +1 pair of gloves
MR       .....                  (boots unavailable)
Stlth    +++++.....             v - amulet of faith
HPRegen  0.30/turn              o - ring of magical power
MPRegen  0.46/turn              m - ring of poison resistance

@: studying Whips & Flails
A: beak, talons 3, able to fly
a: Fly, Renounce Religion


You were on level 2 of the Lair of Beasts.
You worshipped Vehumet.
Vehumet was pleased with you.
You were not hungry.

You visited 3 branches of the dungeon, and saw 9 of its levels.

You collected 470 gold pieces.

Inventory:

Weapons
 b - a +0 dagger of venom (weapon)
 d - a +0 spear (weapon)
Armour
 a - a +0 robe (worn)
 k - a +1 pair of gloves (worn)
Jewellery
 m - a ring of poison resistance (right hand)
 o - a ring of magical power (left hand)
 s - an uncursed ring of strength
 t - an uncursed ring of resist corrosion
 v - an amulet of faith (around neck)
 y - a cursed ring of ice {(Curse: *Drain)}
 A - an uncursed ring of evasion
 B - an uncursed ring of fire
Wands
 g - a wand of random effects (20)
 x - a wand of hasting (3)
Scrolls
 e - 2 scrolls of holy word
 l - a scroll of blinking
 n - 8 scrolls of random uselessness
 q - a scroll of teleportation
 r - 2 scrolls of amnesia
 u - a scroll of immolation
 C - a scroll of enchantment
 I - a scroll of fear
 J - 2 scrolls of attention
Potions
 f - 3 potions of heal wounds
 h - 7 potions of mutation
 i - 3 potions of berserk rage
 j - 7 potions of curing
 p - 3 potions of might
 w - 2 potions of lignification
 z - a potion of brilliance
 D - 5 potions of agility
 E - a potion of invisibility
 F - a potion of resistance
 G - 2 potions of haste
 H - a potion of magic
 L - a potion of cure mutation
Comestibles
 c - 10 rations
 K - 4 chunks of flesh


   Skills:
 - Level 0.4 Fighting
 - Level 0.4 Polearms
 - Level 5.5 Dodging
 + Level 11.6 Stealth
 - Level 0.6 Unarmed Combat
 + Level 10.2 Spellcasting
 + Level 14.1 Air Magic


You had 16 spell levels left.
You knew the following spells:

 Your Spells              Type           Power        Failure   Level  Hunger
a - Shock                 Air            25 (25)      1%          1    None
b - Static Discharge      Air            61 (100)     1%          3    None
c - Swiftness             Chrm/Air       38 (100)     1%          2    None
d - Airstrike             Air            61 (200)     1%          4    ##.....
e - Lightning Bolt        Air            61 (200)     1%          5    ####...

Your spell library contained the following spells:

 Spells                   Type           Power        Failure   Level  Hunger
 Beastly Appendage        Tmut           10 (50)      7%          1    None
 Freeze                   Ice            10 (25)      7%          1    None
 Sandblast                Erth           10 (50)      7%          1    None
 Sticks to Snakes         Tmut           10 (100)     11%         2    None
 Ignite Poison            Fire/Tmut      10 (100)     21%         3    None
 Scorpion Form            Tmut/Pois      10 (200)     21%         3    None
 Snakes to Sticks         Hex/Tmut       10 (100)     21%         3    None
 Ice Form                 Ice/Tmut       10 (100)     56%         4    ##.....
 Blade Hands              Tmut           10 (200)     88%         5    ####...


Dungeon Overview and Level Annotations

Branches:
Dungeon (6/8)              Temple (1/1) D:4            Lair (2/6) D:5
  Swamp: Lair:2-4    Shoals: Lair:2-4     Snake: Lair:2-4    Spider: Lair:2-4
    Orc: D:6

Altars:
Ashenzari
Cheibriados
Dithmenos
Elyvilon
Gozag Ym Sagoz
Kikubaaqudgha
Makhleb
Nemelex Xobeh
Qazlal
Ru
Uskayaw
Vehumet
Wu Jian
Xom
Yredelemnul
Zin
The Shining One


Innate Abilities, Weirdness & Mutations

You have a beak for a mouth.
You have claws for feet.
You can fly continuously.


Message History

Casting: Airstrike (safe; 1% risk of failure)
Confirm with . or Enter, or press ? or * to list all spells.
Aiming: Airstrike (safe; 1% risk of failure)
Press: ? - help, Dir - move target cursor, f/p - boulder beetle
Aim: a boulder beetle (severely wounded (29/90))
The air twists around and strikes the boulder beetle (6).
The boulder beetle is severely wounded. (23/90) HP The boulder beetle bites you (17)!
Evoke which item? (* to show all) (? for menu, Esc to quit)
Aiming: Random Effects Wand
Press: ? - help, Shift-Dir - straight line, f/p - boulder beetle
Aim: a boulder beetle (severely wounded (24/90))
The mass of ice explodes!
The iceblast engulfs the boulder beetle (2).
The boulder beetle is severely wounded. (22/90) HP The iceblast engulfs you (7)!
The iceblast engulfs the plant (7)!
The plant is moderately damaged. (13/20) HP The boulder beetle bites you (41)!!!
Ouch! That really hurt!
You die...

#....##...#.
#...###..#.
#..........
##......###.
#....######.
#####....# #..
###....#...#
##.
#.#..P##.>##
#.
#@.#####...#
##. .#^.B.#
##### #..
#...P## #..
#.....## #P.
##......#
###########
#P......#
#....#.# #
#......#
###......## #
##...$.#
#.........##.
#<.#
###..........#


You could see a boulder beetle.

Vanquished Creatures
  A two-headed ogre (D:6)
  A hydra (Lair:2)
  A black mamba (Lair:1)
  A rime drake (Lair:2)
  A troll (D:5)
  2 komodo dragons
  A cyclops (D:6)
  A hippogriff (D:5)
  Grum (Lair:1)
  3 war dogs (Lair:1)
  A basilisk (Lair:1)
  A yak (D:6)
  2 guardian mummies (D:5)
  A phantom (D:5)
  A water moccasin (Lair:2)
  An orc warrior (D:4)
  2 porcupines
  2 sky beasts
  A black bear (D:4)
  An ice beast (D:3)
  3 ogres
  6 crocodiles
  A rock worm zombie (D:4)
  3 big kobolds (D:2)
  9 bullfrogs
  A gnoll sergeant (D:5)
  4 howler monkeys
  A hornet zombie (D:5)
  12 wights (D:4)
  8 jellies
  2 crimson imps (D:3)
  7 orc priests
  2 hounds
  6 mummies (D:5)
  2 worker ants (D:3)
  3 iguanas
  A water moccasin zombie (D:5)
  4 orc wizards
  3 wyvern skeletons
  7 giant cockroaches
  3 bullfrog zombies
  11 gnolls
  5 bullfrog skeletons
  3 shadow imps (D:4)
  12 adders
  29 sewer rats (D:2)
  A white imp (D:4)
  13 cinder newts
  4 worms (D:2)
  A worker ant zombie (D:5)
  2 hound skeletons
  2 oozes (D:2)
  3 dart slugs
  8 leopard geckos
  30 orcs
  7 adder skeletons
  A cinder newt skeleton (D:2)
  9 goblins (D:1)
  7 hobgoblins (D:1)
  13 jackals
  4 quokkas
  6 ball pythons
  A ball python skeleton (D:2)
  11 bats
  3 bat skeletons (D:2)
  20 kobolds
  A leopard gecko skeleton (D:3)
  A quokka skeleton (D:5)
  7 rats (D:1)
  A bush (D:1)
  15 withered plants (D:2)
345 creatures vanquished.

Vanquished Creatures (others)
  A giant cockroach (D:4)
  An adder (D:4)
  A white imp (D:4)
  3 orcs (D:4)
  2 butterflies
  A fungus (Lair:2)
  64 withered plants (D:2)
73 creatures vanquished.

Grand Total: 418 creatures vanquished

Notes
Turn   | Place    | Note
-------+----------+-------------------------------------------
     0 | D:1      | graymark the Tengu Air Elementalist began the quest for the
                  | Orb.
     0 | D:1      | Reached XP level 1. HP: 10/10 MP: 4/4
    71 | D:1      | Reached XP level 2. HP: 12/15 MP: 3/6
   209 | D:1      | Reached XP level 3. HP: 19/19 MP: 3/7
   214 | D:1      | Learned a level 3 spell: Static Discharge
   217 | D:1      | Learned a level 2 spell: Swiftness
   320 | D:1      | Reached skill level 5 in Air Magic
   438 | D:2      | Reached XP level 4. HP: 24/24 MP: 7/9
   530 | D:2      | Gained mutation: You can fly continuously. [Tengu growth]
   530 | D:2      | Reached XP level 5. HP: 28/28 MP: 0/10
   614 | D:2      | Learned a level 4 spell: Airstrike
   635 | D:2      | Reached skill level 6 in Air Magic
   707 | D:2      | Reached XP level 6. HP: 33/33 MP: 2/12
  1226 | D:2      | Reached skill level 7 in Air Magic
  1241 | D:2      | Reached XP level 7. HP: 37/37 MP: 7/14
  1602 | D:2      | Found an ancient bone altar of Kikubaaqudgha.
  1927 | D:2      | Reached skill level 5 in Stealth
  2012 | D:2      | Reached skill level 5 in Spellcasting
  2012 | D:2      | Reached skill level 8 in Air Magic
  2012 | D:2      | Reached XP level 8. HP: 42/42 MP: 11/16
  4141 | D:3      | Reached skill level 9 in Air Magic
  5030 | D:4      | Reached XP level 9. HP: 46/46 MP: 9/19
  5153 | D:3      | Learned a level 5 spell: Lightning Bolt
  5364 | D:4      | Reached skill level 10 in Air Magic
  6134 | D:4      | Found a shadowy altar of Dithmenos.
  6232 | D:4      | Found a shimmering altar of Xom.
  6345 | D:4      | Reached skill level 11 in Air Magic
  6558 | D:4      | Found a staircase to the Ecumenical Temple.
  6566 | Temple   | Entered the Ecumenical Temple
  6770 | Temple   | Became a worshipper of Vehumet
  6963 | D:5      | Entered Level 5 of the Dungeon
  6990 | D:5      | Reached XP level 10. HP: 45/51 MP: 22/22
  7147 | D:5      | Found a staircase to the Lair.
  7217 | D:5      | Reached * piety under Vehumet
  7217 | D:5      | Offered knowledge of Freeze by Vehumet.
  7545 | D:5      | Found a sparkling altar of Nemelex Xobeh.
  7922 | D:5      | Found a glowing silver altar of Zin.
  8092 | D:5      | Reached skill level 12 in Air Magic
  8166 | D:5      | Reached ** piety under Vehumet
  8166 | D:5      | Offered knowledge of Sandblast by Vehumet.
  8305 | D:5      | Identified the cursed +2 mace "Nirickea" {molten, Dex+3,
                  | (Curse: *Slow)}
  8373 | D:5      | Reached skill level 5 in Dodging
  8373 | D:5      | Reached skill level 10 in Stealth
  8373 | D:5      | Reached skill level 13 in Air Magic
  8373 | D:5      | Reached XP level 11. HP: 55/55 MP: 25/25
  8445 | D:6      | Noticed a two-headed ogre
  8452 | D:6      | Killed a two-headed ogre
  8632 | Lair:1   | Entered Level 1 of the Lair of Beasts
  8796 | Lair:1   | Offered knowledge of Ignite Poison by Vehumet.
  8895 | Lair:1   | Noticed Grum
  8899 | Lair:1   | Killed Grum
  8905 | Lair:1   | Reached skill level 10 in Spellcasting
  8918 | Lair:2   | Noticed a boulder beetle
  8962 | Lair:2   | Noticed an eight-headed hydra
  8972 | Lair:2   | Reached XP level 12. HP: 43/60 MP: 23/27
  9104 | Lair:2   | Reached skill level 14 in Air Magic
  9370 | Lair:2   | Slain by a boulder beetle

Levels and vault maps discovered:
D:1:      dpeg_arrival_rhombi, layout_loops_ring, minmay_statues_item,
          minmay_hedge_maze
D:2:      layout_sewer, marbit_many_paths, first_ration
D:3:      layout_gridville
D:4:      layout_rooms, xom_confusion_cloud, grunt_dithmenos_smoke_and_mirrors,
          minmay_temple_entry_stoned_glass
D:5:      ossuary_tomb_3, layout_rooms, nicolae_overflow_crystal_walls,
          zin_scriptorium, lair_entry_dummy
D:6:      layout_loops_ring, grunt_temple_overflow_open, hiddenorc1_lemuel,
          gauntlet_entry_generic, uniq_snorg
Temple:   minmay_temple_bridge_abc
Lair:1:   layout_chaotic_city, uniq_harold, uniq_grum
Lair:2:   layout_cave_pods

Skill      XL: |  1  2  3  4  5  6  7  8  9 10 11 12 |
---------------+-------------------------------------+-----
Air Magic      | 5 6 7 8 9 11 13 14 | 14.1
Spellcasting   | 3 4 5 6 7 9 10 | 10.2
Stealth        | 3 4 5 6 8 10 11 | 11.6
Dodging        | 5 |  5.5
Fighting       | |  0.4
Polearms       | |  0.4
Unarmed Combat | |  0.6

Action                   |  1- 3 |  4- 6 |  7- 9 | 10-12 || total
-------------------------+-------+-------+-------+-------++-------
Melee: Spear             |    13 |    20 |   151 |    14 ||   198
       Unarmed           |     6 |    10 |    44 |       ||    60
       Kick              |       |     3 |    24 |     4 ||    31
       Peck              |       |     1 |    19 |     2 ||    22
       Dagger            |       |       |    86 |    14 ||   100
Throw: Skull             |       |     1 |       |       ||     1
 Cast: Shock             |    39 |    51 |   290 |   148 ||   528
       Static Discharge  |       |    16 |    28 |    14 ||    58
       Airstrike         |       |       |    23 |    58 ||    81
       Lightning Bolt    |       |       |    11 |    43 ||    54
       Swiftness         |       |       |     1 |       ||     1
 Abil: Fly               |       |       |     2 |       ||     2
       Stop Flying       |       |       |     2 |       ||     2
Evoke: Wand              |       |       |       |     1 ||     1
  Use: Potion            |       |       |       |     3 ||     3
       Scroll            |       |       |       |     4 ||     4
 Stab: Sleeping          |     1 |     1 |    12 |       ||    14
       Distracted        |       |       |     1 |       ||     1
  Eat: Chunk             |       |     3 |    25 |    17 ||    45
       Ration            |       |       |       |     2 ||     2
Armor: Robe              |     5 |     5 |    34 |     6 ||    50
Dodge: Dodged            |    21 |    32 |   146 |    57 ||   256
